 Dungeon Crawl Stone Soup version 0.29.1-4-g47bece8355 (webtiles) character file.

Game seed: 1922246087886989371

484 warriortoast the Conjurer (level 6, -1/45 HPs)
             Began as a Draconian Conjurer on Dec 3, 2022.
             Slain by an orc
             ... wielding a +2 short sword of electrocution
              (20 damage)
             ... on level 5 of the Dungeon.
             The game lasted 00:10:54 (6000 turns).

warriortoast the Conjurer (Draconian Conjurer)      Turns: 6000, Time: 00:10:55

Health: -1/45      AC:  7    Str: 10    XL:     6   Next: 88%
Magic:  8/11       EV: 12    Int: 20    God:
Gold:   333        SH:  0    Dex:  9    Spells: 2/12 levels left

rFire   . . .      SeeInvis .   w - staff of conjuration
rCold   + . .      Faith    .   (no shield)
rNeg    . . .      Spirit   .   (body armour unavailable)
rPois   .          Reflect  .   (helmet restricted)
rElec   .          Harm     .   e - +0 cloak
rCorr   .          Rampage  .   (no gloves)
Will    .....                   (no boots)
Stlth   ++........              b - amulet of magic regeneration
HPRegen 0.15/turn               g - ring of protection from cold
MPRegen 0.52/turn               (no ring)

@: no status effects
A: AC +6, unfitting armour, cold-blooded
a: no special abilities


You were on level 5 of the Dungeon.
You visited 2 branches of the dungeon, and saw 6 of its levels.

You collected 333 gold pieces.

Inventory:

Hand Weapons
 i - a +3 dagger of protection
Armour
 e - a +0 cloak (worn)
Magical Staves
 w - a staff of conjuration (weapon)
Jewellery
 b - an amulet of magic regeneration (around neck)
 c - a ring of ice
 g - a ring of protection from cold (left hand)
 o - a ring of fire
Wands
 q - a wand of polymorph (5)
 v - a wand of paralysis (11)
Scrolls
 f - 2 scrolls of teleportation
 m - 2 scrolls of magic mapping
 p - a scroll of butterflies
 r - a scroll of blinking
 t - a scroll of immolation
 x - a scroll of identify
Potions
 a - 2 potions of magic
 d - a potion of brilliance {unknown}
 h - 2 potions of curing
 j - 2 potions of ambrosia
 k - 2 potions of lignification
 l - a potion of haste {unknown}
 n - a potion of flight {unknown}
 s - 4 potions of resistance {unknown}
 u - a potion of mutation {unknown}


   Skills:
 + Level 3.5 Dodging
 + Level 3.7 Stealth
 + Level 3.5 Spellcasting
 + Level 5.3 Conjurations
 + Level 2.0 Hexes


You had 2 spell levels left.
You knew the following spells:

 Your Spells              Type           Power      Damage    Failure   Level
a - Magic Dart            Conj           100%       1d8       1%          1
b - Searing Ray           Conj           74%        2d7       2%          2
c - Dazzling Flash        Conj/Hex       54%        N/A       9%          3
d - Fulminant Prism       Conj/Hex       13%        3d9       30%         4

Your spell library contained the following spells:

 Spells                   Type           Power      Damage    Failure   Level
 Iskenderun's Mystic Bla  Conj/Tloc      21%        2d6       41%         4


Dungeon Overview and Level Annotations

Branches:
Dungeon (5/15)             Temple (1/1) D:5

Altars:
Ashenzari
Dithmenos
Elyvilon
Gozag
Kikubaaqudgha
Makhleb
Nemelex Xobeh
Okawaru
Qazlal
Ru
Sif Muna
Trog
Vehumet
Wu Jian
Yredelemnul
The Shining One

Annotations:
D:4 1 runed translucent door, exclusion: water moccasin, Crazy Yiuf


Innate Abilities, Weirdness & Mutations

Your plain brown scales are hard. (AC +6)
You cannot fit into any form of body armour.
You are cold-blooded and may be slowed by cold attacks.


Message History

The orc is heavily wounded.
You feel a surge of power!
The magic dart hits the orc but does no damage.
The orc is heavily wounded.
The orc hits you with a +0 mace.
You feel a surge of power!
The magic dart hits the orc.
You kill the orc!
An orc comes into view. It is wielding a +0 hand axe.
The orc barely misses you. The orc closely misses you.
There is an open door here.
The orc attacks as you move away! The orc hits you but does no damage.
The orc attacks as you move away! The orc misses you.
You feel a surge of power!
The magic dart hits the orc but does no damage.
The orc barely misses you.
You feel a surge of power!
The magic dart hits the orc but does no damage.
The orc hits you with a +0 hand axe. The orc barely misses you.
The orc hits you but does no damage.
You feel a surge of power!
The magic dart hits the orc.
The orc is heavily wounded.
The orc hits you but does no damage. The orc hits you with a +0 hand axe.
The orc misses you.
You feel a surge of power!
The magic dart hits the orc but does no damage.
The orc is heavily wounded.
The orc hits you with a +0 mace. The orc barely misses you. x2
You feel a surge of power!
The magic dart hits the orc but does no damage.
The orc is heavily wounded.
The orc barely misses you. The orc hits you with a +0 hand axe.
The orc barely misses you.
You feel a surge of power!
The magic dart hits the orc but does no damage.
The orc is heavily wounded.
The orc closely misses you. x2
The orc hits you with a +2 short sword of electrocution.
You are electrocuted!!
You die...

##.#####.####.#####
#.............#
##########[######
#..........#
+..........#####
#..............####
#..............+..#
#..............##.#
#...@.......)..##.#
#..ooo....#....##.###
#.######'#.................
...........................
##.#####.#.#######.###.....
###+#####.#.#.......# #....#
#.....#.....#o#####.###....#
###.⌠.⌠.#.#####.# #.......##
#.'..>.o'.# #.# ##...#.....


You could see 3 orcs.

Vanquished Creatures
  2 scorpions
  2 jellies
  2 orc priests (D:5)
  A hound (D:4)
  An iguana (D:4)
  2 orc wizards
  Ijyb (D:4)
  A gnoll (D:2)
  An adder (D:3)
  3 worms (D:2)
  2 dart slugs
  9 orcs
  8 ball pythons
  3 bats (D:1)
  3 endoplasms
  3 giant cockroaches
  7 goblins
  5 hobgoblins
  10 jackals
  A quokka (D:2)
  4 frilled lizards
  10 kobolds
  10 rats
91 creatures vanquished.

Notes
Turn   | Place    | Note
-------+----------+-------------------------------------------
     0 | D:1      | warriortoast the Draconian Conjurer began the quest for the
                  | Orb.
     0 | D:1      | Reached XP level 1. HP: 14/14 MP: 3/3
   247 | D:1      | Reached XP level 2. HP: 19/20 MP: 0/5
  1056 | D:2      | Found a faded altar of an unknown god.
  1092 | D:2      | Reached XP level 3. HP: 20/26 MP: 2/6
  1487 | D:2      | Found a shimmering blue altar of Sif Muna.
  2187 | D:2      | Reached XP level 4. HP: 27/33 MP: 0/7
  3175 | D:3      | Learned a level 2 spell: Searing Ray
  3179 | D:3      | Learned a level 3 spell: Dazzling Flash
  3404 | D:4      | Noticed a water moccasin
  3457 | D:4      | Reached XP level 5. HP: 38/38 MP: 3/9
  3585 | D:4      | Reached skill level 1 in Hexes
  3873 | D:4      | HP: 1/38 [scorpion (2)]
  3875 | D:4      | Reached skill level 5 in Conjurations
  3875 | D:4      | Reached XP level 6. HP: 1/45 MP: 0/10
  4133 | D:4      | Noticed Ijyb
  4532 | D:4      | Found a runed translucent door.
  4533 | D:4      | Noticed Crazy Yiuf
  4821 | D:4      | Paralysed by Ijyb for 3 turns
  4829 | D:4      | Killed Ijyb
  5056 | D:4      | Learned a level 4 spell: Fulminant Prism
  5248 | D:5      | Entered Level 5 of the Dungeon
  5860 | D:5      | Found a staircase to the Ecumenical Temple.
  5866 | Temple   | Entered the Ecumenical Temple
  6000 | D:5      | Slain by an orc

Illustrated notes

Levels and vault maps discovered:
D:1:      lightli_arrival_lavapool, layout_basic, corexii_corridor_pit
D:2:      layout_basic, nicolae_ecumenical_pavilion, basic_altar,
          cheibrodos_gnoll_hut
D:3:      layout_basic
D:4:      layout_basic, uniq_crazy_yiuf_cottage, uniq_ijyb
D:5:      layout_basic, minmay_temple_entry_hall
Temple:   nicolae_temple_superstar

Skill      XL: |  1  2  3  4  5  6 |
---------------+-------------------+-----
Stealth        | 2 3 |  3.7
Dodging        | 2 3 |  3.5
Spellcasting   | 3 |  3.5
Hexes          | 1 2 |  2.0
Conjurations   | 5 |  5.3

Action                   |  1- 3 |  4- 6 || total
-------------------------+-------+-------++-------
Melee: Unarmed           |     3 |       ||     3
       Tailslap          |     4 |     2 ||     6
       Dagger            |    24 |    31 ||    55
 Cast: Magic Dart        |    97 |   131 ||   228
  Use: Scroll            |       |    13 ||    13
       Potion            |       |     2 ||     2
Armor: Skin              |    13 |    25 ||    38
Dodge: Dodged            |    39 |    30 ||    69
